 Dungeon Crawl Stone Soup version 0.32-a0-818-gb728d0252e (webtiles) character file.

Game seed: 10818945731565745408

1411082 ragingrage the Spry (level 24, 120/120 HPs)
             Began as a Deep Elf Delver on Mar 23, 2024.
             Was the Champion of Hepliaklqana.
             Escaped with the Orb
             ... and 3 runes!
             The game lasted 02:05:14 (90460 turns).

ragingrage the Spry (Deep Elf Delver)              Turns: 90460, Time: 02:05:14

Health: 120/120    AC: 25    Str:  8    XL:     24   Next: 37%
Magic:  45/46      EV: 26    Int: 21    God:    Hepliaklqana [******]
Gold:   1544       SH: 14    Dex: 31    Spells: 16/57 levels left

rFire   + . .        b - +11 Singing Sword {sonic wave}
rCold   + + .        x - +2 buckler {rC+ rF+}
rNeg    . . .        o - +5 ring mail "Toetiw" {Str+2 SInv}
rPois   +            L - +2 helmet
rElec   +            q - +0 cloak "Forget-Me-Not" {rElec Regen+ Int+3}
rCorr   .            W - +2 pair of gloves
SInv    +            y - +2 pair of boots
Will    ++...        I - amulet of magic regeneration
Stlth   ++           l - ring of Attitude {Fly rPois rC+ Dex+6}
HPRegen 1.20/turn    i - ring "Zohanweh" {rPois AC+4 Str-3 Dex+3 Slay+2}
MPRegen 0.70/turn

%: no passive effects
@: flying, studying Unarmed Combat
A: reduced essence, large bone plates 1, clumsy 1, dopey 1, frail 1, inability
to read after injury 1
0: Orb of Zot
}: 3/15 runes: serpentine, barnacled, slimy
a: Renounce Religion, Recall Ancestor, Ancestor Identity, Transference, Idealise


You escaped.
You worshipped Hepliaklqana.
Hepliaklqana was exalted by your worship.
You visited 11 branches of the dungeon, and saw 52 of its levels.
You visited 2 bazaars.
You also visited: Ice Cave.

You collected 7195 gold pieces.
You spent 5651 gold pieces at shops.

Inventory:

Hand Weapons
 a - a +9 demon blade of pain
 b - the +11 Singing Sword (weapon) {sonic wave}
   (You found it on level 6 of the Dungeon)
Missiles
 h - 2 throwing nets
 G - 7 curare-tipped darts
Armour
 o - the +5 ring mail "Toetiw" (worn) {Str+2 SInv}
   (You bought it in a shop on level 3 of the Vaults)

   Str+2:     It affects your strength (+2).
   SInv:      It lets you see invisible.
 q - the +0 cloak "Forget-Me-Not" (worn) {rElec Regen+ Int+3}
   (You found it on level 3 of the Dungeon)

   Int+3:     It affects your intelligence (+3).
   rElec:     It insulates you from electricity.
   Regen+:    It increases your rate of health regeneration.
 x - a +2 buckler of resistance (worn)
 y - a +2 pair of boots (worn)
 L - a +2 helmet (worn)
 W - a +2 pair of gloves (worn)
Jewellery
 i - the ring "Zohanweh" (right hand) {rPois AC+4 Str-3 Dex+3 Slay+2}
   (You took it off a deep elf pyromancer on level 3 of the Elven Halls)

   [ring of protection]

   AC+4:      It affects your AC (+4).
   Str-3:     It affects your strength (-3).
   Dex+3:     It affects your dexterity (+3).
   Slay+2:    It affects your accuracy & damage with ranged weapons and melee
   (+2).
   rPois:     It protects you from poison.
 l - the ring of Attitude (left hand) {Fly rPois rC+ Dex+6}
   (You took it off a deep elf sorcerer on level 3 of the Elven Halls)

   [ring of dexterity]

   Dex+6:     It affects your dexterity (+6).
   rC+:       It protects you from cold.
   rPois:     It protects you from poison.
   Fly:       It grants you flight.
 I - an amulet of magic regeneration (around neck)
 M - the ring of Eternal Night {rCorr Dex+2}
   (You took it off a deep elf demonologist on level 3 of the Elven Halls)

   [ring of resist corrosion]

   Dex+2:     It affects your dexterity (+2).
   rCorr:     It protects you from acid and corrosion.
 Q - the ring of Xablewysk {Fly rF+ rCorr MP+9 Str-4}
   (You found it on level 5 of the Pits of Slime)

   [ring of flight]

   Str-4:     It affects your strength (-4).
   rF+:       It protects you from fire.
   MP+9:      It affects your magic capacity (+9).
   Fly:       It grants you flight.
   rCorr:     It protects you from acid and corrosion.
 S - a ring of see invisible
Talismans
 k - a granite talisman
Wands
 w - a wand of mindburst (25)
 z - a wand of warping (42)
 F - a wand of digging (16)
 T - a wand of quicksilver (13)
 U - a wand of paralysis (45)
Scrolls
 c - 10 scrolls of fog
 g - 2 scrolls of silence
 j - 14 scrolls of poison
 n - 7 scrolls of blinking
 p - 7 scrolls of noise
 s - 2 scrolls of revelation
 D - 12 scrolls of vulnerability
 O - 5 scrolls of immolation
 P - a scroll of amnesia
 R - 13 scrolls of teleportation
 X - 3 scrolls of butterflies
 Y - 9 scrolls of fear
 Z - 2 scrolls of enchant weapon
Potions
 d - 8 potions of haste
 e - 6 potions of attraction
 f - 6 potions of berserk rage
 m - 3 potions of ambrosia
 r - 3 potions of magic
 t - 9 potions of brilliance
 v - 2 potions of lignification
 A - 6 potions of enlightenment
 C - 2 potions of invisibility
 E - 9 potions of heal wounds
 H - 6 potions of mutation
 J - 5 potions of resistance
 K - 3 potions of cancellation
 N - 16 potions of curing
 V - a potion of might
Miscellaneous
 u - a phantom mirror
 B - a box of beasts


   Skills:
 - Level 15.0 Fighting
 - Level 2.1(11.4) Short Blades
 - Level 15.9(16.0) Long Blades
 - Level 14.0 Ranged Weapons
 - Level 2.8 Armour
 - Level 20.0 Dodging
 - Level 12.0 Stealth
 - Level 9.0 Shields
 - Level 17.2 Spellcasting
 - Level 9.6 Conjurations
 + Level 18.1 Hexes
 - Level 10.0 Necromancy
 - Level 13.0 Translocations
 - Level 4.0 Fire Magic
 - Level 7.0 Ice Magic
 - Level 9.6 Alchemy
 - Level 8.0 Invocations
 - Level 4.0 Evocations
 - Level 16.0 Shapeshifting


You had 16 spell levels left.
You knew the following spells:

 Your Spells              Type           Power      Damage    Failure   Level
a - Fugue of the Fallen   Necr           56%        N/A       1%          3
b - Ozocubu's Armour      Ice            47%        N/A       2%          3
c - Jinxbite              Hex            100%       N/A       0%          2
d - Yara's Violent Unrav  Hex/Alch       33%        3d14      1%          5
e - Blink                 Tloc           100%       N/A       1%          2
f - Manifold Assault      Tloc           64%        N/A       1%          4
g - Irradiate             Conj/Alch      27%        3d20      7%          5
h - Dispersal             Tloc           32%        N/A       10%         6
i - Enfeeble              Hex            38%        N/A       6%          7
o - Olgreb's Toxic Radia  Alch           55%        N/A       2%          4

Your spell library contained the following spells:

 Spells                   Type           Power      Damage    Failure   Level
 Foxfire                  Conj/Fire      100%       2x1d9     1%          1
 Kiss of Death            Conj/Necr      100%       2d13      1%          1
 Magic Dart               Conj           100%       1d8       1%          1
 Sting                    Conj/Alch      100%       1d9       1%          1
 Ensorcelled Hibernation  Hex/Ice        100%       N/A       1%          2
 Lesser Beckoning         Tloc           100%       N/A       1%          2
 Momentum Strike          Conj/Tloc      100%       3d10      1%          2
 Sublimation of Blood     Necr           56%        N/A       1%          2
 Confusing Touch          Hex            76%        N/A       1%          3
 Dazzling Flash           Conj/Hex       100%       N/A       1%          3
 Gell's Gravitas          Tloc           64%        N/A       1%          3
 Hailstorm                Conj/Ice       52%        3d10      1%          3
 Inner Flame              Hex/Fire       59%        N/A       1%          3
 Teleport Other           Tloc           64%        N/A       1%          3
 Tukima's Dance           Hex            76%        N/A       1%          3
 Anguish                  Hex/Necr       33%        N/A       1%          4
 Animate Dead             Necr           56%        N/A       1%          4
 Cause Fear               Hex            38%        N/A       1%          4
 Dispel Undead            Necr           56%        3d20      1%          4
 Iskenderun's Mystic Bla  Conj/Tloc      60%        2d13      1%          4
 Passage of Golubria      Tloc           64%        N/A       1%          4
 Metabolic Englaciation   Hex/Ice        31%        N/A       1%          5
 Mercury Vapours          Alch/Air       76%        N/A       2%          2
 Fulminant Prism          Conj/Alch      27%        3d14      2%          4
 Stone Arrow              Conj/Erth      76%        3d11      5%          3
 Iskenderun's Battlesphe  Conj           55%        2d11      7%          5
 Flame Wave               Conj/Fire      46%        2d12      8%          4
 Sticky Flame             Fire/Alch      46%        2d9       8%          4
 Summon Ice Beast         Ice/Summ       32%        N/A       9%          3
 Summon Mana Viper        Hex/Summ       54%        N/A       9%          5
 Sandblast                Erth           36%        2d10      13%         1
 Summon Small Mammal      Summ           72%        N/A       13%         1
 Brom's Barrelling Bould  Conj/Erth      38%        2d6       17%         4
 Leda's Liquefaction      Alch/Erth      19%        N/A       17%         4
 Petrify                  Alch/Erth      38%        N/A       17%         4
 Call Imp                 Summ           36%        N/A       19%         2
 Fireball                 Conj/Fire      23%        3d11      22%         5
 Summon Forest            Summ/Tloc      22%        N/A       24%         5
 Call Canine Familiar     Summ           18%        N/A       36%         3
 Swiftness                Air            18%        N/A       36%         3
 Eringya's Noxious Bog    Alch           27%        4d6       36%         6
 Discord                  Hex            38%        N/A       43%         8
 Summon Blazeheart Golem  Fire/Summ      26%        N/A       50%         4
 Sculpt Simulacrum        Ice/Alch       26%        N/A       54%         6
 Starburst                Conj/Fire      23%        6d8       75%         6
 Animate Armour           Summ/Erth      36%        N/A       77%         4
 Summon Lightning Spire   Summ/Air       18%        N/A       77%         4
 Orb of Destruction       Conj           27%        9d9       90%         7
 Bombard                  Conj/Erth      19%        9d4       95%         6
 Conjure Ball Lightning   Conj/Air       19%        3x3d6     95%         6
 Lee's Rapid Deconstruct  Erth           9%         3d7*      98%         5
 Permafrost Eruption      Ice/Erth       16%        2x4d6     99%         6
 Ozocubu's Refrigeration  Ice            23%        4d12      99%         7
 Disjunction              Tloc           32%        N/A       99%         8
 Plasma Beam              Fire/Air       13%        2x1d24    100%        6
 Summon Cactus Giant      Summ           9%         N/A       100%        6
 Haunt                    Necr/Summ      19%        N/A       100%        7
 Malign Gateway           Summ/Tloc      22%        N/A       100%        7
 Monstrous Menagerie      Summ           9%         N/A       100%        7
 Spellforged Servitor     Conj/Summ      19%        N/A       100%        7
 Summon Hydra             Summ           9%         N/A       100%        7
 Borgnjor's Revivificati  Necr           28%        N/A       100%        8
 Maxwell's Capacitive Co  Air            9%         ∞         100%        8
 Death's Door             Necr           28%        N/A       100%        9
 Polar Vortex             Ice            23%        12d3*     100%        9


Dungeon Overview and Level Annotations

Branches:
Dungeon (15/15)            Temple (1/1) D:7            Lair (5/5) D:9
 Shoals (4/4) Lair:3        Snake (4/4) Lair:2        Slime (5/5) Lair:4
    Orc (2/2) D:9             Elf (3/3) Orc:2        Vaults (4/5) D:13
  Crypt (0/3) Vaults:3     Depths (4/4) D:15            Zot (5/5) Depths:4
  IceCv (visited)

Altars:
Ashenzari
Cheibriados
Dithmenos
Elyvilon
Fedhas
Gozag
Hepliaklqana
Kikubaaqudgha
Makhleb
Nemelex Xobeh
Okawaru
Qazlal
Ru
Sif Muna
Trog
Uskayaw
Vehumet
Wu Jian
Xom
Yredelemnul
Zin
The Shining One
Jiyva
Lugonu

Shops:
D:11 =   D:15 ?   Orc:2 *!([(?*   Elf:1 [:=:   Elf:3 :   Shoals:3 !
Snake:4 *=[*   Vaults:3 [   Depths:1 ?[

Portals:
Hell: Depths:1 Depths:2 Depths:3 Depths:4
Abyss: Depths:1 Depths:3
Pandemonium: Depths:2
Ziggurat: Depths:4
Trove: Vaults:3 (give 17 scrolls of teleportation)

Annotations:
D:2 exclusion: downstairs
D:7 exclusion: 2 downstairs
D:11 2 transporters, dialectric's ghost, journeyman GrFi
Lair:4 1 exclusion
Lair:5 3 runed translucent doors, Gryn's ghost, journeyman SpAr
Shoals:1 6 transporters, Nikola
Slime:4 exclusion: downstairs
Depths:2 exclusion: downstairs
Depths:4 1 runed translucent door
Zot:1 Tiamat
Zot:2 exclusion: upstairs
Zot:5 1 runed translucent door, Asesu's ghost, veteran AtFi


Innate Abilities, Weirdness & Mutations

Your life essence is reduced to manifest your ancestor. (-10% HP)
You are partially covered in large bone plates. (SH +4)
You are clumsy. (Dex -2)
You are dopey. (Int -2)
You are frail. (-10% HP)
You occasionally lose the ability to read scrolls when taking damage.


Message History

There is a stone staircase leading down here.
You drop a scroll of fear.
Unknown command.
(D) Dungeon (T) Temple (L) Lair (A) Shoals (P) Snake Pit (M) Slime Pits (O) Orcish Mines (E) Elven Halls (V) Vaults (C) Crypt (U) Depths (H) Hell (Z) Zot
Where to? (Tab/Enter - D:1 @ (x,y), ? - help)
Okay, then.
Y - 9 scrolls of fear (gained 1)
(D) Dungeon (T) Temple (L) Lair (A) Shoals (P) Snake Pit (M) Slime Pits (O) Orcish Mines (E) Elven Halls (V) Vaults (C) Crypt (U) Depths (H) Hell (Z) Zot
Where to? (Tab/Enter - D:1 @ (x,y), ? - help)
What level of the Dungeon? (default 1, ? - help)
A red devil and a lich come into view.
The red devil is wielding a +2 antimagic demon trident.
The lich shouts!
An Orb Guardian comes into view.
The Orb Guardian misses you. x2
The Orb Guardian closely misses you.
Blink to where?
Press: ? - help, Dir - move target
As you read the scroll of blinking, it crumbles to dust.
You fly upwards.
Level annotation: exclusion: downstairs
There is a stone staircase leading down here.
(D) Dungeon (T) Temple (L) Lair (A) Shoals (P) Snake Pit (M) Slime Pits (O) Orcish Mines (E) Elven Halls (V) Vaults (C) Crypt (U) Depths (H) Hell (Z) Zot
Where to? (Tab/Enter - D:1 @ (x,y), ? - help)
What level of the Dungeon? (default 1, ? - help)
There is a stone staircase leading up here.
You fly upwards.
There is a stone staircase leading down here.
There is a staircase leading out of the dungeon here.
Jagecim is recalled.
You have escaped!

#.# ##.#####........## #. #.#
#.........####### #.
#.#########.........## #######.
#.##.................###....>..
#.##.######.....♣..............
#.##.# #....ß.....##...####.
#.##.######...............# #.
#.........#..........##.#.# #.
####.####.#...@.....###.#(# #.
#.# #......R..........####) #.#
###....####)[.......... #.#
##.### #####.####### #.# #.#
#.# #.#######.# #.# ####
#.........# #.####...
########### #........ ######...


You could see the friendly Jagecim the knight (reflecting).

Vanquished Creatures
  the Royal Jelly (Slime:5)
  4 dread liches (Zot:5)
  3 ancient liches (Zot:5)
  Mara (Vaults:3)
  3 orbs of fire (Zot:5)
  3 Killer Klowns (Zot:5)
  5 golden dragons
  A curse toe (Zot:5)
  A profane servitor (D:11)
  A hellephant (Depths:3)
  3 electric golems
  5 tentacled monstrosities
  24 Orb Guardians
  2 deep elf master archers (Elf:3)
  7 quicksilver dragons
  4 deep elf blademasters
  3 liches
  22 acid blobs
  5 sphinxes
  3 death cobs
  Gastronok (Lair:2)
  3 shadow dragons
  A kraken (Shoals:2)
  Donald (Snake:4)
  2 tengu reavers (Depths:2)
  8 nagarajas (Snake:4)
  7 storm dragons
  19 rockslimes
  18 azure jellies
  4 draconian monks
  2 draconian knights
  3 draconian shifters
  3 frost giants
  3 fire giants
  A balrug (D:11)
  4 deep elf sorcerers (Elf:3)
  2 ghost moths
  2 draconian scorchers (Zot:1)
  7 vault wardens
  4 spectral caustic shrikes (Depths:2)
  An iron dragon (Depths:3)
  2 draconian stormcallers
  5 deep elf elementalists (Elf:3)
  2 formless jellyfish
  A reaper (IceCv)
  7 ironbound preservers
  12 quicksilver oozes
  4 spriggan defenders (Depths:3)
  3 stone giants (Depths:2)
  4 draconian annihilators
  13 very ugly things
  2 ironbound thunderhulks
  A vampire knight (Depths:3)
  5 purple draconians
  14 dire elephants (Depths:3)
  3 deep elf death magi (Elf:3)
  4 deep elf demonologists (Elf:3)
  9 red draconians
  6 green draconians
  5 black draconians
  2 minotaurs (Shoals:4)
  2 white draconians
  7 deep elf annihilators (Elf:3)
  6 spark wasps
  A war gargoyle (Vaults:2)
  4 yellow draconians
  9 fire dragons
  6 ettins
  3 deep elf high priests (Elf:3)
  A merfolk impaler (Shoals:1)
  A crystal guardian (Vaults:1)
  2 merfolk javelineers
  An entropy weaver (Vaults:3)
  5 vault guards
  9 yaktaur captains
  A great orb of eyes (Vaults:2)
  5 hydras
  12 ironbound frosthearts
  A salamander tyrant (Snake:4)
  2 spriggan air magi
  3 merfolk avatars
  2 peacekeepers
  2 rakshasas
  3 ice dragons
  2 alligator snapping turtles (Shoals:4)
  14 centaur warriors
  2 death knights (Vaults:3)
  4 boulder beetles
  3 anacondas
  5 tengu warriors
  15 dancing weapons
  3 two-headed ogres
  10 deep troll shamans
  A catoblepas (Lair:5)
  10 satyrs
  3 death yaks
  5 deep troll earth magi
  A demonic crawler (D:8)
  17 naga warriors
  4 spriggan berserkers
  2 hell hogs (Depths:1)
  3 shock serpents
  5 deep elf knights
  7 iron trolls
  9 naga sharpshooters
  5 hell knights (Depths:3)
  3 sun demons
  4 salamander mystics
  A shadow wraith (Vaults:3)
  A skyshark (Depths:1)
  2 sea snakes
  4 skeletal warriors (D:15)
  9 mana vipers
  2 glowing orange brains
  19 deep trolls
  A flayed ghost (Depths:3)
  6 naga ritualists
  7 deep elf archers
  14 ironbound convokers
  3 arcanists
  2 orc knights
  13 deep elf zephyrmancers
  A necromancer (Depths:2)
  A phantasmal warrior (Vaults:2)
  9 lindwurms
  An obsidian bat (Orc:2)
  15 harpies
  11 deep elf pyromancers
  32 ugly things
  7 shining eyes
  16 fauns
  37 salamanders
  A frost giant zombie (Depths:2)
  4 orc sorcerers
  10 manticores
  16 moths of wrath
  An iron dragon skeleton (Depths:2)
  6 cyclopes
  The ghost of zenocrate the Insei, a novice OpEE of Gozag (D:6)
  10 merfolk sirens
  6 kobold blastminers (Orc:2)
  11 naga magi
  A smoke demon (Depths:2)
  32 black mambas
  6 elephants
  4 water nymphs
  9 cane toads
  A water nymph (shapeshifter) (Depths:1)
  4 eyes of devastation
  7 guardian serpents
  An eye of devastation (shapeshifter) (Vaults:2)
  A torpor snail (Lair:3)
  10 vault sentinels
  6 komodo dragons
  4 rime drakes
  A kobold demonologist (D:8)
  A tormentor (D:6)
  14 yaktaurs
  4 tengu conjurers
  6 merfolk
  8 trolls
  3 polar bears
  3 wind drakes
  7 hornets
  A glass eye (shapeshifter) (Vaults:2)
  11 blink frogs
  3 glass eyes
  17 dream sheep
  7 spriggans
  50 slime creatures
  5 water elementals
  4 wyverns
  19 yaks
  4 wraiths
  Eustachio (D:6)
  A vampire (D:12)
  2 humans (D:13)
  2 steam dragons
  4 golden eyes (Slime:5)
  2 basilisks
  3 wargs
  2 fire elementals
  A redback (shapeshifter) (Depths:2)
  A death yak simulacrum (IceCv)
  A redback (Vaults:3)
  A harpy simulacrum (IceCv)
  A glowing shapeshifter zombie (Depths:1)
  50 nagas
  An acid dragon (D:9)
  Edmund (D:5)
  2 swamp worms (D:9)
  A hydra simulacrum (IceCv)
  10 water moccasins
  31 orc warriors
  An ice beast (D:6)
  3 black bears
  A laughing skull (D:12)
  10 ogres
  A wolf (shapeshifter) (Elf:2)
  6 boggarts (Vaults:2)
  2 sky beasts
  13 wolves
  11 centaurs
  3 kobold brigands
  12 bullfrogs
  Blork the orc (D:6)
  4 two-headed ogre simulacra (IceCv)
  3 gnoll sergeants
  2 earth elementals
  3 cane toad simulacra (IceCv)
  8 scorpions
  5 wights (D:8)
  2 elephant simulacra (IceCv)
  15 killer bees
  2 electric eels (Lair:5)
  A jelly (D:4)
  A lava snake (D:13)
  11 orc priests
  2 gnoll boudas
  A hound (D:6)
  Crazy Yiuf (D:6)
  2 iguanas
  22 orc wizards
  5 spriggan simulacra (IceCv)
  2 troll simulacra (IceCv)
  2 polar bear simulacra (IceCv)
  A wolf simulacrum (IceCv)
  3 naga simulacra (IceCv)
  An orc zombie (D:4)
  7 adders
  16 gnolls
  4 white imps
  3 ufetubi (IceCv)
  3 ribbon worms
  5 dart slugs
  85 orcs
  8 ball pythons
  3 endoplasms
  8 giant cockroaches
  6 goblins
  5 hobgoblins
  14 kobolds
  2 quokkas (D:4)
  11 bats
  A frilled lizard (D:2)
  4 rats (D:3)
  6 tentacles (Shoals:2)
1532 creatures vanquished.

Vanquished Creatures (collateral kills)
  An ancient lich (Zot:5)
  A dread lich (Zot:5)
  2 Killer Klowns (Zot:5)
  Saint Roka (Snake:2)
  A golden dragon (Depths:4)
  Norris (Depths:1)
  A hellephant (Depths:1)
  A tentacled monstrosity (Zot:3)
  5 Orb Guardians
  3 acid blobs (Slime:5)
  A kraken (Shoals:2)
  An Executioner (D:7)
  5 death cobs
  A draconian monk (Zot:4)
  Aizul (Shoals:2)
  A nagaraja (Snake:4)
  A storm dragon (Zot:3)
  2 draconian knights
  A rockslime (Slime:5)
  3 azure jellies
  A fire giant (Depths:4)
  Louise (Shoals:4)
  2 vault wardens
  A spectral caustic shrike (Depths:2)
  A draconian stormcaller (Zot:2)
  A spriggan defender (Depths:3)
  A formless jellyfish (Slime:5)
  A draconian annihilator (Zot:4)
  3 very ugly things
  2 green draconians
  2 stone giants
  A red draconian (Zot:1)
  A deep elf death mage (Elf:3)
  2 deep elf annihilators (Elf:3)
  A black draconian (Depths:4)
  2 white draconians (Zot:4)
  4 dire elephants (Depths:3)
  A purple draconian (Zot:2)
  2 spark wasps
  2 yellow draconians
  2 ettins
  A merfolk impaler (Shoals:3)
  3 fire dragons
  2 ice dragons (Depths:1)
  3 hydras
  3 anacondas
  An ogre mage (D:15)
  2 two-headed ogres
  A merfolk aquamancer (Shoals:4)
  A centaur warrior (Vaults:1)
  A boulder beetle (Vaults:1)
  A vampire mage (Depths:1)
  2 satyrs
  3 death yaks
  2 naga warriors (Snake:4)
  A spriggan berserker (Depths:3)
  2 naga sharpshooters (Snake:4)
  A skyshark (Depths:1)
  An occultist (D:15)
  A storm dragon zombie (Depths:2)
  A shock serpent (Snake:2)
  2 deep elf knights (Elf:3)
  A spark wasp zombie (Depths:1)
  2 iron trolls (Depths:3)
  A deep troll (Depths:2)
  A naga ritualist (Snake:1)
  4 sea snakes
  A mana viper (Snake:4)
  A deep elf archer (Elf:3)
  2 glowing orange brains
  3 harpies
  An ironbound convoker (Vaults:3)
  A necromancer (Vaults:3)
  An orc knight (Orc:2)
  A frost giant zombie (Depths:2)
  3 lindwurms
  3 deep elf zephyrmancers
  3 manticores
  2 deep elf pyromancers
  7 ugly things
  2 cyclopes
  2 elephants
  3 salamanders
  2 moths of wrath
  7 black mambas
  A kobold blastminer (Orc:2)
  A vault sentinel (Vaults:1)
  16 slime creatures
  An ice statue (IceCv)
  Joseph (D:10)
  A rust devil (Zot:2)
  3 naga magi (Snake:4)
  An eye of devastation (Slime:5)
  5 cane toads
  A torpor snail (Lair:4)
  A hellion (Depths:2)
  3 komodo dragons
  A tengu conjurer (Depths:1)
  3 yaktaurs
  5 merfolk
  3 trolls
  3 polar bears
  7 dream sheep (Lair:5)
  2 blink frogs
  2 water elementals
  A wyvern (Lair:3)
  2 dire elephant simulacra (IceCv)
  2 basilisks (Lair:1)
  10 yaks
  A warg (Orc:2)
  5 nagas
  Duvessa (D:5)
  7 water moccasins
  An acid dragon (D:10)
  3 orc warriors
  A laughing skull (D:12)
  9 wolves
  3 centaurs
  A two-headed ogre simulacrum (IceCv)
  2 scorpions (D:6)
  Dowan (D:5)
  4 elephant simulacra (IceCv)
  A killer bee (D:11)
  2 orc priests
  An orc wizard (Orc:1)
  3 spriggan simulacra (IceCv)
  3 troll simulacra (IceCv)
  2 naga simulacra (IceCv)
  2 gnoll zombies (D:4)
  2 white imps (IceCv)
  An ufetubus (IceCv)
  4 orcs
  A bat (D:6)
  A kobold (D:9)
  A butterfly (Lair:1)
  4 tentacles (Shoals:2)
300 creatures vanquished.

Vanquished Creatures (others)
  A yaktaur captain (Vaults:2)
  2 deep elf knights
  An ironbound convoker (Vaults:3)
  A deep elf archer (Elf:2)
  2 deep elf zephyrmancers (Elf:2)
  A yaktaur (Vaults:4)
  26 knights
  An orc wizard (D:6)
  8 ancestors
  18 tentacles (Shoals:2)
61 creatures vanquished.

Grand Total: 1893 creatures vanquished

Notes
Turn   | Place    | Note
-------+----------+-------------------------------------------
     0 | D:5      | ragingrage the Deep Elf Delver began the quest for the Orb.
     0 | D:5      | Reached XP level 1. HP: 13/13 MP: 3/3
     2 | D:5      | Found an ornate altar of the Wu Jian Council.
    21 | D:6      | Noticed a black bear
    23 | D:6      | Noticed an orc wizard
    23 | D:6      | Noticed zenocrate's ghost (novice OpEE)
    23 | D:6      | Found a runed translucent door.
    33 | D:6      | Noticed an ice beast
    36 | D:6      | Noticed a scorpion
    44 | D:6      | Noticed an iguana
   135 | D:5      | Noticed an ogre
   164 | D:5      | Reached skill level 1 in Ranged Weapons
   190 | D:5      | Noticed Duvessa
   260 | D:5      | Noticed Dowan
   281 | D:4      | Reached XP level 2. HP: 15/18 MP: 4/4
   564 | D:4      | Found a glowing drain.
   586 | D:4      | Noticed a scorpion
   755 | D:1      | Reached XP level 3. HP: 22/22 MP: 5/5
  1295 | D:2      | Found a glowing golden altar of the Shining One.
  2034 | D:2      | Reached skill level 5 in Ranged Weapons
  2034 | D:2      | Reached XP level 4. HP: 27/27 MP: 6/6
  2103 | D:3      | Identified the +0 cloak "Forget-Me-Not" {rElec Regen+
                  | Int+3}
  2110 | D:3      | Found an opulent altar of Gozag.
  2595 | D:4      | Reached XP level 5. HP: 26/31 MP: 7/7
  2780 | D:4      | Found a transporter.
  2799 | D:4      | Found a sacrificial altar of Ru.
  2941 | D:4      | Found a transporter.
  3504 | D:5      | Reached XP level 6. HP: 36/36 MP: 8/8
  3772 | D:5      | Noticed Edmund
  4392 | D:6      | Killed an ice beast
  4393 | D:6      | Reached XP level 7. HP: 40/40 MP: 9/9
  4416 | D:6      | Reached skill level 10 in Ranged Weapons
  4417 | D:6      | Noticed a steam dragon
  4436 | D:6      | Reached skill level 3 in Dodging
  4700 | D:6      | Reached skill level 4 in Dodging
  4902 | D:6      | Noticed Eustachio
  5910 | D:7      | Reached XP level 8. HP: 32/45 MP: 10/10
  6070 | D:7      | Found a staircase to the Ecumenical Temple.
  6077 | Temple   | Entered the Ecumenical Temple
  6086 | Temple   | Became a worshipper of Hepliaklqana the Forgotten
  6106 | Temple   | Reached skill level 5 in Dodging
  6106 | Temple   | Reached skill level 1 in Evocations
  6236 | D:7      | Found a hide-covered altar of Uskayaw.
  7663 | D:8      | Reached XP level 9. HP: 43/49 MP: 11/11
  7797 | D:8      | Found a shimmering altar of Xom.
  7797 | D:8      | Found an iron altar of Okawaru.
  7802 | D:8      | Learned a level 3 spell: Ozocubu's Armour
  7806 | D:8      | Learned a level 3 spell: Fugue of the Fallen
  7901 | D:8      | Reached skill level 1 in Ice Magic
  7970 | D:8      | Found a radiant altar of Vehumet.
  8455 | D:8      | Noticed a kobold demonologist
  8459 | D:8      | Noticed a hellwing
  8819 | D:8      | Found a broken altar of Ashenzari.
  8858 | D:8      | Reached skill level 5 in Ice Magic
  8858 | D:8      | Reached skill level 1 in Spellcasting
  9076 | D:8      | Found a bloodstained altar of Trog.
  9279 | D:8      | Reached * piety under Hepliaklqana
  9364 | D:8      | Killed a kobold demonologist
  9791 | D:8      | Reached skill level 6 in Dodging
  9874 | D:9      | Found a shadowy altar of Dithmenos.
  9932 | D:9      | HP: 1/46 [orc priest/nerve-wracking pain (13)]
 10398 | D:9      | Found a staircase to the Lair.
 11123 | D:9      | Found a glowing silver altar of Zin.
 11144 | D:9      | Reached skill level 7 in Dodging
 11144 | D:9      | Reached XP level 10. HP: 18/51 MP: 15/15
 11426 | D:9      | Found a staircase to the Orcish Mines.
 11523 | D:10     | Entered Level 10 of the Dungeon
 11595 | D:10     | Noticed a boulder beetle
 11612 | D:10     | Killed a boulder beetle
 11624 | D:10     | Found a basalt altar of Yredelemnul.
 11652 | D:10     | Found a white marble altar of Elyvilon.
 11658 | D:10     | Reached skill level 5 in Fighting
 11658 | D:10     | Reached skill level 8 in Dodging
 11720 | D:10     | Noticed Joseph
 11772 | D:10     | Noticed a two-headed ogre
 11779 | D:10     | Killed a two-headed ogre
 12110 | D:10     | Reached skill level 9 in Dodging
 12415 | D:10     | Reached skill level 10 in Dodging
 12459 | D:10     | Learned a level 4 spell: Olgreb's Toxic Radiance
 12606 | D:10     | Found a blossoming altar of Fedhas.
 12672 | D:10     | Found a glowing golden altar of the Shining One.
 12694 | D:11     | Reached ** piety under Hepliaklqana
 12695 | D:11     | Remembered your ancestor Jagecim as a knight
 12726 | D:11     | Reached skill level 1 in Alchemy
 12927 | D:11     | Noticed dialectric's ghost (journeyman GrFi)
 12929 | D:11     | Found a transporter.
 12934 | D:11     | Found a transporter.
 13250 | D:11     | Found Enerur's Jewellery Shop.
 13271 | D:11     | Bought a +4 ring of slaying for 648 gold pieces
 13668 | D:12     | Reached XP level 11. HP: 55/57 MP: 15/19
 13851 | D:12     | Noticed a green ugly thing
 13866 | D:12     | Killed a green ugly thing
 14038 | D:12     | Reached *** piety under Hepliaklqana
 14040 | D:12     | Noticed a two-headed ogre
 14040 | D:12     | Noticed a deep elf pyromancer
 14056 | D:12     | Killed a deep elf pyromancer
 14064 | D:12     | Killed a two-headed ogre
 14065 | D:12     | Reached skill level 5 in Alchemy
 14369 | D:5      | Killed Dowan
 14371 | D:5      | Killed Edmund
 14456 | D:5      | Killed Duvessa
 14895 | D:6      | Found the +11 Singing Sword {sonic wave}
 14998 | D:6      | Found a runed translucent door.
 14998 | D:6      | Found the +6 shillelagh "Devastator" {shatter}
 14999 | D:6      | Noticed Crazy Yiuf
 15105 | D:6      | Noticed Blork the orc
 15112 | D:6      | Killed Blork the orc
 15291 | Lair:1   | Entered Level 1 of the Lair of Beasts
 15409 | Lair:1   | Reached skill level 1 in Long Blades
 15859 | Lair:1   | Reached XP level 12. HP: 59/65 MP: 18/20
 15940 | Lair:1   | Identified a scroll of acquirement
 16222 | Lair:2   | Noticed Gastronok
 16468 | Lair:2   | Reached **** piety under Hepliaklqana
 16503 | Lair:2   | Identified the +1 plate armour of the Black Moon {rC++
                  | Regen+ rCorr Str-4}
 16713 | Lair:2   | Killed Gastronok
 16714 | Lair:2   | Reached skill level 5 in Long Blades
 16931 | Lair:2   | Noticed an eight-headed hydra
 16940 | Lair:2   | Killed an eight-headed hydra
 17066 | Lair:2   | Found a staircase to the Snake Pit.
 17249 | Lair:3   | Noticed a five-headed hydra
 17267 | Lair:3   | Killed a five-headed hydra
 17638 | Lair:3   | Reached skill level 10 in Fighting
 17688 | Lair:3   | Learned a level 4 spell: Sticky Flame
 17740 | Lair:3   | Reached skill level 1 in Fire Magic
 17791 | Lair:3   | Reached XP level 13. HP: 57/73 MP: 21/21
 18106 | Lair:3   | Found a staircase to the Shoals.
 18129 | Lair:3   | Reached skill level 1 in Invocations
 18268 | Lair:3   | Learned a level 2 spell: Blink
 18273 | Lair:3   | Learned a level 4 spell: Manifold Assault
 18915 | Lair:4   | Found a frozen archway.
 18928 | Lair:4   | Reached ***** piety under Hepliaklqana
 18932 | IceCv    | Entered an ice cave
 20858 | IceCv    | Reached skill level 1 in Hexes
 21591 | IceCv    | Noticed a reaper
 21602 | IceCv    | Killed a reaper
 21603 | IceCv    | Reached skill level 5 in Spellcasting
 21603 | IceCv    | Reached skill level 5 in Invocations
 21791 | IceCv    | Acquired a manual of Spellcasting
 21843 | Lair:4   | Learned a level 2 spell: Jinxbite
 22021 | Lair:4   | Reached skill level 1 in Translocations
 22591 | Lair:4   | You fall into a shaft and drop 1 floor!
 22591 | Lair:5   | Entered Level 5 of the Lair of Beasts
 23252 | Lair:5   | Reached XP level 14. HP: 79/79 MP: 28/28
 23684 | Lair:5   | Found a runed translucent gate.
 23684 | Lair:5   | Found a runed translucent gate.
 23684 | Lair:5   | Found a runed translucent gate.
 23684 | Lair:5   | Noticed an azure jelly
 23684 | Lair:5   | Noticed an acid blob
 23684 | Lair:5   | Noticed an acid blob
 23684 | Lair:5   | Noticed an acid blob
 23684 | Lair:5   | Noticed a quicksilver ooze
 23684 | Lair:5   | Noticed an azure jelly
 23684 | Lair:5   | Noticed an azure jelly
 23685 | Lair:5   | Found a viscous altar of Jiyva.
 23685 | Lair:5   | Noticed an acid blob
 23685 | Lair:5   | Noticed Gryn's ghost (journeyman SpAr)
 23685 | Lair:5   | Noticed an acid blob
 23685 | Lair:5   | Noticed an acid blob
 23976 | Lair:5   | Reached skill level 10 in Spellcasting
 23997 | Lair:5   | Acquired a +4 longbow of freezing
 24208 | Lair:5   | Reached skill level 5 in Translocations
 24645 | Lair:4   | Found a viscous altar of Jiyva.
 24645 | Lair:4   | Found a staircase to the Slime Pits.
 25122 | D:12     | Identified the +2 chain mail "Wosyose" {Str+2}
 25542 | D:13     | Noticed an ironbound thunderhulk
 25543 | D:13     | Found a gate to the Vaults.
 25553 | D:13     | Killed an ironbound thunderhulk
 25727 | D:13     | Found an iron altar of Okawaru.
 26606 | Orc:1    | Entered Level 1 of the Orcish Mines
 26810 | Orc:2    | Entered Level 2 of the Orcish Mines
 26867 | Orc:2    | Found Xoen's Magic Scroll Shop.
 26878 | Orc:2    | Bought a scroll of identify for 30 gold pieces
 26878 | Orc:2    | Bought a scroll of identify for 30 gold pieces
 26878 | Orc:2    | Bought a scroll of identify for 30 gold pieces
 26968 | Orc:1    | Reached skill level 10 in Long Blades
 27187 | Orc:2    | Found Umused Jum's General Store.
 27200 | Orc:2    | Bought a scroll of fear for 56 gold pieces
 27442 | Orc:2    | Found Irhahul's General Store.
 27635 | Orc:2    | Found Rientiq's Antique Armour Shoppe.
 27635 | Orc:2    | Found Rasucyla's Antique Weapon Shop.
 27647 | Orc:2    | Found Fepobb's Distillery.
 27697 | Orc:2    | Found Aclata Ysan's Weapon Emporium.
 27704 | Orc:2    | Bought a potion of might for 48 gold pieces
 27704 | Orc:2    | Bought a potion of heal wounds for 60 gold pieces
 27709 | Orc:2    | Bought a throwing net for 42 gold pieces
 27810 | Orc:2    | Found a staircase to the Elven Halls.
 28115 | D:6      | Killed Crazy Yiuf
 28199 | D:6      | Killed zenocrate's ghost
 28205 | D:6      | Identified the staff of Ykoneug {rF+ rN+ Fire}
 28223 | D:6      | Killed Eustachio
 28328 | D:10     | Killed Joseph
 28614 | D:14     | Identified the +6 scale mail of Dishonesty {+Inv rElec
                  | rCorr Dex+3}
 29046 | D:14     | Reached XP level 15. HP: 74/82 MP: 31/31
 29537 | D:15     | Entered Level 15 of the Dungeon
 29620 | D:15     | Found Kuren's Magic Scroll Shop.
 29623 | D:15     | Bought a scroll of acquirement for 1040 gold pieces
 29654 | D:15     | Reached skill level 10 in Translocations
 29705 | D:15     | Found a staircase to the Depths.
 30569 | Snake:1  | Entered Level 1 of the Snake Pit
 30580 | Snake:1  | Reached skill level 1 in Necromancy
 31022 | Snake:1  | Found a flickering gateway to a bazaar.
 31046 | Bazaar   | Entered a bazaar
 31046 | Bazaar   | Found Oxko's Magic Scroll Shoppe.
 31046 | Bazaar   | Found Pougrit's Antique Weapon Shoppe.
 31046 | Bazaar   | Found Halliryh's Assorted Antiques.
 31165 | Bazaar   | Found Weisaest's Armour Emporium.
 31167 | Bazaar   | Bought a scroll of fear for 60 gold pieces
 31167 | Bazaar   | Bought a scroll of noise for 15 gold pieces
 31167 | Bazaar   | Bought a scroll of noise for 15 gold pieces
 31176 | Bazaar   | Bought a flickering platinum amulet for 165 gold pieces
 31176 | Bazaar   | Identified the amulet "Gidedyshee" {Reflect rPois SH+5}
                  | (You bought it in a shop in a bazaar)
 31186 | Bazaar   | Bought a scroll of fear for 132 gold pieces
 31193 | Bazaar   | Bought a scroll of revelation for 112 gold pieces
 31909 | Snake:1  | Reached skill level 1 in Shields
 32118 | Snake:1  | Reached skill level 5 in Necromancy
 34337 | Snake:2  | Reached XP level 16. HP: 87/87 MP: 6/34
 35303 | Snake:2  | Found a shimmering altar of Xom.
 35313 | Snake:2  | Noticed Saint Roka
 35481 | Snake:2  | Killed Saint Roka
 37643 | Snake:3  | Reached ****** piety under Hepliaklqana
 38496 | Snake:4  | Entered Level 4 of the Snake Pit
 38496 | Snake:4  | Noticed Donald
 38502 | Snake:4  | Killed Donald
 38926 | Snake:4  | Found Estet's General Store.
 40482 | Snake:4  | Reached skill level 5 in Shields
 41101 | Snake:4  | Found Guddonos's Jewellery Shoppe.
 41564 | Snake:4  | Reached skill level 15 in Long Blades
 41836 | Snake:4  | Reached XP level 17. HP: 91/91 MP: 2/37
 42378 | Snake:4  | Reached skill level 15 in Spellcasting
 42412 | Snake:4  | Identified the +4 chain mail "Vekhof" {rElec Str+4}
 43261 | Snake:4  | Identified the +1 long sword "Tymuno" {holy, Int+4}
 44047 | Snake:4  | Found Mommetop's Armour Shoppe.
 44056 | Snake:4  | Acquired 884 gold pieces
 44058 | Snake:4  | Bought a +0 buckler of resistance for 535 gold pieces
 44774 | Snake:4  | Found Lenegouq's General Store.
 45033 | Snake:4  | Got a serpentine rune of Zot
 45548 | Shoals:1 | Entered Level 1 of the Shoals
 46025 | Shoals:1 | Found a transporter.
 46029 | Shoals:1 | Found a transporter.
 46073 | Shoals:1 | Found a transporter.
 46077 | Shoals:1 | Found a transporter.
 46522 | Shoals:1 | Found a transporter.
 46547 | Shoals:1 | Found a transporter.
 46761 | Shoals:1 | Noticed Nikola
 46854 | Shoals:2 | Identified the serpent talisman "Cailead" {rN+}
 46854 | Shoals:2 | Noticed Aizul
 46862 | Shoals:2 | Killed Aizul
 47388 | Shoals:2 | Noticed a kraken
 47395 | Shoals:2 | Killed a kraken
 47891 | Shoals:2 | Noticed a kraken
 48167 | Shoals:2 | Killed a kraken
 48368 | Shoals:3 | Found Nigged's Distillery.
 49822 | Shoals:3 | Learned a level 5 spell: Irradiate
 50007 | Shoals:4 | Entered Level 4 of the Shoals
 50007 | Shoals:4 | Identified the +0 tower shield of Good Intentions {Rampage
                  | *Corrode rC++ Dex+3}
 50007 | Shoals:4 | Noticed Louise
 50013 | Shoals:4 | Reached skill level 1 in Armour
 50021 | Shoals:4 | Killed Louise
 50026 | Shoals:4 | Reached skill level 1 in Conjurations
 50287 | Shoals:4 | Reached skill level 11 in Dodging
 51268 | Shoals:4 | Reached XP level 18. HP: 53/97 MP: 13/41
 52131 | Shoals:4 | Got a barnacled rune of Zot
 52629 | Shoals:4 | Reached skill level 1 in Shapeshifting
 52959 | Elf:1    | Entered Level 1 of the Elven Halls
 53453 | Elf:1    | Found a hide-covered altar of Uskayaw.
 54188 | Elf:2    | Reached skill level 12 in Dodging
 54341 | Elf:1    | Found Javisaan's Antique Armour Emporium.
 54517 | Elf:1    | Reached skill level 5 in Conjurations
 54918 | Elf:1    | Found Eziyruts's Book Emporium.
 54920 | Elf:1    | Found Wuaquby's Jewellery Shop.
 54921 | Elf:1    | Found Kuobluv's Book Emporium.
 55002 | Elf:3    | Entered Level 3 of the Elven Halls
 56709 | Elf:3    | Identified the ring "Zohanweh" {rPois AC+4 Str-3 Dex+3
                  | Slay+2}
 57124 | Elf:3    | Identified the ring of Attitude {Fly rPois rC+ Dex+6}
 57966 | Elf:3    | Identified the amulet "Reotsog" {Spirit rPois rF+ SInv}
 58089 | Elf:3    | Identified the +1 robe "Quaddeh" {-Tele rPois rCorr Str+3}
 58554 | Elf:3    | Reached skill level 5 in Shapeshifting
 58861 | Elf:3    | Identified the +6 dagger "Body" {drain, ^Drain rPois rCorr
                  | Stlth+}
 58861 | Elf:3    | Identified the ring of Eternal Night {rCorr Dex+2}
 58865 | Elf:3    | Reached skill level 13 in Dodging
 58979 | Elf:3    | Reached XP level 19. HP: 104/104 MP: 29/42
 59332 | Elf:3    | Identified the +0 scale mail "Geallera" {rElec rPois Will+
                  | Int+5}
 59624 | Elf:3    | Identified the amulet of Tid Ufon {Acrobat *Corrode rPois
                  | rC++}
 60092 | Elf:3    | Got Majalual's Directory of Geometry
 60168 | Elf:3    | Got the Monograph on Assembled Fermentation
 60176 | Elf:3    | Identified the +0 scale mail "Alolatus" {rElec rF- rC+
                  | rCorr}
 60254 | Elf:3    | Found Kyosioh's One-of-a-Kind Books.
 60480 | Vaults:1 | Entered Level 1 of the Vaults
 62386 | Elf:1    | Bought an amulet of magic regeneration for 510 gold pieces
 62665 | Vaults:1 | Reached skill level 14 in Dodging
 63381 | Vaults:3 | Noticed Mara
 63395 | Vaults:3 | Noticed ragingrage's illusion
 63494 | Vaults:2 | Found a flickering gateway to a bazaar.
 63515 | Bazaar   | Entered a bazaar
 63515 | Bazaar   | Found Keaty's Antique Weapon Shop.
 63527 | Bazaar   | Found Qelepnas's Distillery.
 63553 | Bazaar   | Found Tekafegag's Antique Armour Shop.
 63589 | Bazaar   | Bought a potion of mutation for 120 gold pieces
 63589 | Bazaar   | Bought a potion of haste for 150 gold pieces
 63589 | Bazaar   | Bought a potion of heal wounds for 75 gold pieces
 63589 | Bazaar   | Bought 2 potions of mutation for 240 gold pieces
 63589 | Bazaar   | Bought a potion of haste for 150 gold pieces
 63589 | Bazaar   | Bought a potion of haste for 150 gold pieces
 63589 | Bazaar   | Bought a potion of curing for 45 gold pieces
 63589 | Bazaar   | Bought 2 potions of haste for 300 gold pieces
 64000 | Vaults:2 | Identified the +9 short sword of Doubt {freeze, Str+2
                  | Stlth+}
 64000 | Vaults:2 | Identified the amulet "Amus" {Reflect rPois rC+ Str+3 SH+5}
 64110 | Vaults:2 | Identified the amulet "Gaysk" {Faith -Cast Dex+2 SInv
                  | Stlth+}
 64457 | Vaults:2 | Identified the +3 arbalest "Juyg" {antimagic, Will+ Str+3}
 64916 | Vaults:3 | Reached skill level 15 in Dodging
 65103 | Vaults:3 | Killed Mara
 65249 | Vaults:3 | Reached XP level 20. HP: 111/111 MP: 40/43
 65644 | Vaults:3 | Found a portal to a secret trove of treasure.
 65648 | Vaults:3 | Found Jutioceg's Antique Armour Boutique.
 65661 | Vaults:3 | Bought a spiked cloak for 408 gold pieces
 65661 | Vaults:3 | Identified the +0 cloak of Vanity {*Corrode +Inv rPois
                  | Dex+6} (You bought it in a shop on level 3 of the Vaults)
 65808 | Vaults:3 | Bought a pitted ring mail for 387 gold pieces
 65808 | Vaults:3 | Identified the +5 ring mail "Toetiw" {Str+2 SInv} (You
                  | bought it in a shop on level 3 of the Vaults)
 66263 | Vaults:3 | Found a staircase to the Crypt.
 66753 | Vaults:4 | Reached skill level 16 in Dodging
 67649 | Depths:1 | Entered Level 1 of the Depths
 68621 | Depths:1 | Found Ritamo Tasos's Armour Emporium.
 68621 | Depths:1 | Found Bokem's Magic Scroll Shoppe.
 68755 | Depths:1 | Bought a scroll of teleportation for 42 gold pieces
 69085 | Depths:1 | Found an ancient bone altar of Kikubaaqudgha.
 69116 | Depths:1 | Noticed Norris
 69124 | Depths:1 | Killed Norris
 69225 | Depths:1 | Found a gateway to Hell.
 69413 | Depths:1 | Found a one-way gate to the infinite horrors of the Abyss.
 69526 | Depths:2 | Reached skill level 10 in Shapeshifting
 69731 | Depths:2 | Reached XP level 21. HP: 74/115 MP: 32/44
 70802 | Depths:2 | Found a stormy altar of Qazlal.
 71312 | Depths:2 | Found a one-way gate leading to the halls of Pandemonium.
 71436 | Depths:1 | Bought a scroll of amnesia for 56 gold pieces
 71475 | Depths:2 | Learned a level 5 spell: Yara's Violent Unravelling
 71590 | Depths:3 | Reached skill level 5 in Hexes
 71606 | Depths:3 | Found a corrupted altar of Lugonu.
 74098 | Depths:3 | Identified the +8 sling of Diet Blood {flame, Str+2 SInv}
 75243 | Depths:3 | Found a broken altar of Ashenzari.
 75314 | Depths:3 | Found the +8 pair of quick blades "Gyre" and "Gimble"
                  | {protect}
 75436 | Depths:4 | Entered Level 4 of the Depths
 75579 | Depths:4 | Reached skill level 15 in Shapeshifting
 75963 | Depths:4 | Found a runed translucent door.
 76535 | Depths:4 | Noticed a juggernaut
 76549 | Depths:4 | Identified the +8 dagger of Ajeboaka {drain, ^Fragile rC-
                  | Str+7 Dex+3}
 76559 | Depths:4 | Noticed a golden dragon
 76565 | Depths:4 | Killed a golden dragon
 76566 | Depths:4 | Reached XP level 22. HP: 123/123 MP: 28/45
 76687 | Depths:4 | Reached skill level 10 in Necromancy
 76806 | Depths:4 | Found a gate to the Realm of Zot.
 76897 | Depths:4 | Found a one-way gateway to a ziggurat.
 76956 | Depths:4 | Found a shadowy altar of Dithmenos.
 77749 | Slime:1  | Entered Level 1 of the Pits of Slime
 77819 | Slime:1  | Found a viscous altar of Jiyva.
 78117 | Slime:2  | Learned a level 6 spell: Dispersal
 79032 | Slime:5  | Entered Level 5 of the Pits of Slime
 79034 | Slime:5  | Gained mutation: You are frail. (-10% HP) [a shining eye]
 79546 | Slime:5  | Noticed the Royal Jelly
 80485 | Slime:5  | Killed the Royal Jelly
 80684 | Slime:5  | Gained mutation: You are partially covered in large bone
                  | plates. (SH +4) [a shining eye]
 80685 | Slime:5  | Gained mutation: You are clumsy. (Dex -2) [a shining eye]
 80895 | Slime:5  | Got the Notes on Breath and Arcane Combat
 80898 | Slime:5  | Got the Grimoire of Angular Invitation
 80907 | Slime:5  | Identified the ring of Xablewysk {Fly rF+ rCorr MP+9 Str-4}
 80909 | Slime:5  | Identified the +8 scale mail of Eternal Night {Regen+}
 80929 | Slime:5  | Identified the +10 sling "Ogreslayer" {freeze, rElec Int+3
                  | Stlth+}
 80931 | Slime:5  | Got Ofewkarr's Keys to the Words of Power
 80935 | Slime:5  | Got a slimy rune of Zot
 80941 | Slime:5  | Identified the staff of Elad Zarea {rN+ MP+9 Str+4 Necro}
 80942 | Slime:5  | Identified the +4 ring mail "Kusu" {rF+ Slay+2}
 81471 | Zot:1    | Entered Level 1 of the Realm of Zot
 81888 | Zot:2    | Noticed a golden dragon
 81891 | Zot:2    | Killed a golden dragon
 82123 | Zot:3    | Reached skill level 17 in Dodging
 82376 | Zot:3    | Reached skill level 15 in Fighting
 82820 | Zot:2    | Reached skill level 18 in Dodging
 82821 | Zot:2    | Noticed a golden dragon
 82846 | Zot:2    | Killed a golden dragon
 82895 | Zot:2    | Learned a level 7 spell: Enfeeble
 83390 | Zot:2    | Found a basalt altar of Yredelemnul.
 83567 | Zot:1    | Reached XP level 23. HP: 81/115 MP: 19/46
 83570 | Zot:1    | Found the +4 dragonskin cloak {Aegis}
 83570 | Zot:1    | Noticed Tiamat
 85200 | Zot:5    | Entered Level 5 of the Realm of Zot
 85358 | Zot:5    | Reached skill level 19 in Dodging
 85358 | Zot:5    | Reached skill level 10 in Hexes
 85366 | Zot:5    | Found a runed translucent door.
 87298 | Zot:5    | Noticed an ancient lich
 87308 | Zot:5    | Killed an ancient lich
 87425 | Zot:5    | Noticed a Killer Klown
 87437 | Zot:5    | Killed a Killer Klown
 87567 | Zot:5    | Noticed Asesu's ghost (veteran AtFi)
 87586 | Zot:5    | Noticed an ancient lich
 87595 | Zot:5    | Killed an ancient lich
 87665 | Zot:5    | Noticed an ancient lich
 87678 | Zot:5    | Killed an ancient lich
 87834 | Zot:5    | Noticed a Killer Klown
 87846 | Zot:5    | Killed a Killer Klown
 87873 | Zot:5    | Noticed a Killer Klown
 87881 | Zot:5    | Killed a Killer Klown
 87961 | Zot:5    | Noticed a Killer Klown
 87965 | Zot:5    | Noticed a Killer Klown
 87966 | Zot:5    | Killed a Killer Klown
 87967 | Zot:5    | Reached skill level 20 in Dodging
 87978 | Zot:5    | Killed a Killer Klown
 88201 | Zot:5    | Reached skill level 10 in Stealth
 88261 | Zot:5    | Noticed a dread lich
 88268 | Zot:5    | Noticed a curse toe
 88275 | Zot:5    | Killed a dread lich
 88275 | Zot:5    | Killed a curse toe
 88304 | Zot:5    | Noticed an orb of fire
 88316 | Zot:5    | Killed an orb of fire
 88417 | Zot:5    | Noticed a dread lich
 88470 | Zot:5    | Killed a dread lich
 88478 | Zot:5    | Noticed a dread lich
 88484 | Zot:5    | Killed a dread lich
 88719 | Zot:5    | Noticed a dread lich
 88726 | Zot:5    | Killed a dread lich
 89088 | Zot:5    | Noticed a dread lich
 89095 | Zot:5    | Killed a dread lich
 89232 | Zot:5    | Reached XP level 24. HP: 120/120 MP: 40/46
 89298 | Zot:5    | Reached skill level 15 in Hexes
 89582 | Zot:5    | Noticed an orb of fire
 89590 | Zot:5    | Noticed an orb of fire
 89593 | Zot:5    | Gained mutation: You are dopey. (Int -2) [an orb of fire]
 89596 | Zot:5    | Gained mutation: You occasionally lose the ability to read
                  | scrolls when taking damage. [an orb of fire]
 89599 | Zot:5    | Killed an orb of fire
 89599 | Zot:5    | Killed an orb of fire
 89600 | Zot:5    | Noticed an ancient lich
 89606 | Zot:5    | Killed an ancient lich
 89846 | Zot:5    | Got the Orb of Zot
 90460 | D:$      | Escaped with the Orb!

Illustrated notes

Levels and vault maps discovered:
D:1:      wander_arrival_peaceful_grave, layout_loops_ring
D:2:      layout_basic, basic_altar
D:3:      layout_rooms, grunt_gozag_breadcrumbs, kennysheep_generic_room_15
D:4:      gammafunk_cloud_chamber, layout_loops_ring,
          nicolae_ru_the_path_less_chosen, cheibrodos_sewer_entry_bend
D:5:      layout_basic, nicolae_overflow_hidden_temple, uniq_duvessa,
          uniq_edmund
D:6:      old_forge, layout_loops_cross, ebering_ghost_inner_flame, minivault_5,
          uniq_eustachio, uniq_blork_the_orc, uniq_crazy_yiuf_cottage
D:7:      layout_basic, nicolae_uskayaw_dance_hall,
          minmay_temple_entry_stoned_glass
D:8:      layout_rooms, mainiacjoe_overflow_catwalk,
          nicolae_vehumet_altar_sigil,
          mainiacjoe_overflow_concentric_impassable,
          gammafunk_temple_overflow_statue, bh_walls_and_bars
D:9:      layout_irregular_city, mainiacjoe_overflow_small_starburst,
          zin_treasury, lair_entry_dummy, hiddenorc1_lemuel, worms_lemuel
D:10:     layout_basic, tso_oasis_becter, lemuel_round_altar,
          kennysheep_little_box, mainiacjoe_overflow_tiny_flanked, uniq_joseph
D:11:     layout_irregular_city, gammafunk_ghost_hive, serial_shops, shop
D:12:     layout_long_grid
D:13:     layout_irregular_city, hellmonk_vaults_keyhole,
          kennysheep_decorative_pillar, okawaru_ov_weapons_minmay
D:14:     layout_loops_ring, serial_rivers, chequers_serial_rivers_large_b,
          chequers_serial_rivers_marsh, chequers_serial_rivers_small_b,
          chequers_serial_rivers_room_a
D:15:     grunt_enter_depths_snipers, layout_long_grid, serial_shops,
          nicolae_shop_real_fake_doors, grunt_decor_fettered
Temple:   nicolae_temple_bog_church
Lair:1:   layout_gridlike, grunt_megastairs_1, lemuel_fruit_fields
Lair:2:   layout_hall_layers, nicolae_snake_entry_squirm, uniq_gastronok
Lair:3:   layout_loops_ring, shoals_dummy_entry
Lair:4:   layout_hall_layers, dpeg_slime_entry_enclosed,
          portal_ice_cave_entry_pillars_2, serial_bayou_shore_b,
          grunt_megastairs_4
Lair:5:   grunt_lair_end_beastmaster, layout_regular_city, gammafunk_ghost_ooze,
          minmay_lindwurm_lava, serial_bayou_shore_a
Shoals:1: layout_shoals, serial_nicolae_subway, nicolae_sub_station_metal,
          nicolae_sub_station_crystal, nicolae_sub_station_stone, uniq_nikola
Shoals:2: layout_shoals, uniq_aizul
Shoals:3: layout_shoals, nicolae_stop_n_shop_1
Shoals:4: shoals_end_hellmonk_lost_city, uniq_louise
Snake:1:  layout_onion, serial_shops, bzr_entry_lakeside,
          nicolae_snake_salamander_zone
Snake:2:  layout_onion_interference, basic_altar, nicolae_snake_lava_pool,
          uniq_saint_roka
Snake:3:  layout_gridlike
Snake:4:  snake_pit, layout_cave_town, serial_shops, nicolae_shop_stone, shop,
          shop, nicolae_shop_rolling_square, fake_guardian_serpent_vault,
          lemuel_fruit_tree, grunt_megastairs_3, uniq_donald
Slime:1:  layout_caves, basic_altar
Slime:2:  layout_caves
Slime:3:  layout_caves
Slime:4:  layout_caves
Slime:5:  slime_pit
Orc:1:    layout_caves, nicolae_shop_firing_range
Orc:2:    st_orc_rangers, layout_diamond_mine, serial_shops,
          nicolae_shop_rolling_square, nicolae_shop_just_a_little_nook,
          nicolae_shop_statue_plus
Elf:1:    eino_elf_arrival_shootout, layout_geoelf_octagon, serial_shops,
          nicolae_shop_gibbet_a_chance, nicolae_elf_altarnating,
          minmay_shop_grove
Elf:2:    elven_hall_of_blades_hangedman_alternative [grunt_blade_entry_basic],
          layout_gridlike, lemuel_flamethrower_hall
Elf:3:    minmay_elf_hall_furrowed, layout_geoelf_diagonals, nicolae_rare_books,
          feat_on_display
Vaults:1: dpeg_vaults_monster_row, hangedman_vaults_stream,
          nicolae_vaults_inception_scallops, dpeg_vaults_monster_box,
          nicolae_vaults_closet_pinwheel_4, nicolae_vaults_little_squares_5,
          nicolae_vaults_three_branches, v_misc_9, nicolae_vaults_trapezoid_2,
          hangedman_vaults_corner_blocks, vaults_room_semicircle,
          nicolae_vaults_shelves_hall, nicolae_vaults_little_squares_6,
          ontoclasm_vaults_shuriken, layout_vaults_omnicross
Vaults:2: nicolae_vaults_specimen_jars, nicolae_vaults_storing_the_good_stuff,
          nicolae_vaults_tetromino_T_2, v_misc_23,
          nicolae_vaults_network_quinsquares
          [nicolae_vaults_network_quincunx_subvault,
          nicolae_vaults_network_quincunx_subvault,
          nicolae_vaults_network_quincunx_subvault,
          nicolae_vaults_network_quincunx_subvault],
          nicolae_vaults_border_crossing, v_misc_15, grunt_vaults_diagonal,
          nicolae_vaults_trapezoid_lopsided_3, nicolae_vaults_shelves_hall,
          nicolae_vaults_double_plus_3, nicolae_vaults_double_plus_1,
          layout_vaults_big_room, serial_shops, bzr_entry_gold
Vaults:3: vaults_dpeg_diagonal, nicolae_vaults_network_star,
          blue_anna_dwarven_crypt, nicolae_vaults_trapezoid_lopsided_1,
          ontoclasm_vaults_claustrophobia, nicolae_vaults_yaktaur_gun_rack,
          layout_vaults_quadrants, nicolae_trove_entry_free_sample,
          serial_shops, shop_statue, uniq_mara
Vaults:4: vaults_mumra_chevron, ontoclasm_vaults_ligature,
          nicolae_vaults_security_offices_4, v_misc_11, ontoclasm_vaults_pinch,
          nicolae_vaults_tetromino_L_2, vaults_room_hallway,
          nicolae_vaults_ninety_degrees, nicolae_vaults_prndl,
          nicolae_vaults_storage_closets_1, hangedman_vaults_maws,
          vaults_mumra_chevron_long, layout_vaults_maze
Depths:1: layout_gridville, hangedman_abyss_entry_splay,
          minmay_misc_feat_four_crosses, grunt_hell_horde,
          lemuel_zombie_altar_kikubaaqudgha, minmay_shoptagon, uniq_norris
Depths:2: kennysheep_scales, layout_cave_pools, grunt_pan_entry_in_and_out,
          pf_hell_entry_tar_river, nicolae_qazlal_style_of_elements,
          infiniplex_staircase_spiral, serial_bayou_shore_b
Depths:3: mu_elephants_graveyard, layout_basic, hangedman_geh_valley,
          nicolae_ashenzari_panopticon, abyss_entry_flame_altar, minivault_1
Depths:4: grunt_crosshair, layout_gridlike, enter_ziggurat_d,
          nicolae_dithmenos_through_a_glass_darkly, hell_entry,
          lightli_giant_bouncers
Zot:1:    layout_concentric_octagons, uniq_tiamat
Zot:2:    layout_basic, regret_index_zotdec_golden_two_three
Zot:3:    layout_misc_corridors
Zot:4:    dreamdust_black_sun_cult, layout_onion_interference,
          regret_index_zotdec_misc_clamp
Zot:5:    layout_onion, ebering_ghost_reflecting_pool, bh_zot_lava_cross

Skill      XL: |  1  2  3  4  5  6  7  8  9 10 11 12 13 14 15 16 17 18 19 20 21 22 23 24 |
---------------+-------------------------------------------------------------------------+-----
Ranged Weapons | 2 3 5 6 7 9 10 14 | 14.0
Dodging        | 4 5 7 10 11 13 15 16 18 20 | 20.0
Evocations     | 2 4 |  4.0
Ice Magic      | 5 6 7 |  7.0
Spellcasting   | 2 4 8 10 12 14 17 | 17.2
Fighting       | 4 5 7 10 11 12 14 15 | 15.0
Alchemy        | 3 7 9 |  9.6
Long Blades    | 3 7 8 10 13 15 | 15.9
Fire Magic     | 1 4 |  4.0
Invocations    | 8 |  8.0
Hexes          | 4 8 14 18 | 18.1
Translocations | 3 9 10 11 13 | 13.0
Necromancy     | 5 7 9 10 | 10.0
Shields        | 2 5 6 8 9 |  9.0
Armour         | 2 |  2.8
Conjurations   | 2 6 9 |  9.6
Shapeshifting  | 5 6 10 15 16 | 16.0
Stealth        | 12 | 12.0
Short Blades   | |  2.1

Action                     |  1- 3 |  4- 6 |  7- 9 | 10-12 | 13-15 | 16-18 | 19-21 | 22-24 || total
---------------------------+-------+-------+-------+-------+-------+-------+-------+-------++-------
  Melee: Short sword       |    18 |     2 |     2 |       |       |       |       |       ||    22
         Unarmed           |    17 |    20 |       |       |       |       |       |       ||    37
         Dagger            |       |       |    13 |       |       |       |       |       ||    13
         Double sword      |       |       |       |       |   197 |  1293 |  1602 |  1005 ||  4097
   Fire: Sling             |    76 |   176 |   709 |   839 |   698 |       |       |       ||  2498
         Longbow           |       |       |       |       |   448 |       |       |       ||   448
  Throw: Dart              |       |       |     7 |     6 |       |       |       |       ||    13
         Throwing net      |       |       |     2 |       |       |     4 |       |       ||     6
   Cast: Ozocubu's Armour  |       |       |     8 |    13 |    14 |       |       |     2 ||    37
         Jinxbite          |       |       |       |       |    18 |       |       |       ||    18
         Olgreb's Toxic Ra |       |       |       |       |    25 |       |       |       ||    25
         Manifold Assault  |       |       |       |       |   144 |   900 |   983 |   548 ||  2575
         Fugue of the Fall |       |       |       |       |       |     1 |     6 |     5 ||    12
         Yara's Violent Un |       |       |       |       |       |       |       |     2 ||     2
 Invoke: Recall Ancestor   |       |       |     4 |    13 |    12 |    17 |     7 |    15 ||    68
         Ancestor Life: Kn |       |       |       |     1 |       |       |       |       ||     1
         Transference      |       |       |       |     1 |       |       |       |       ||     1
         Idealise          |       |       |       |       |     5 |       |     4 |     1 ||    10
  Evoke: Wand              |     1 |     2 |    12 |     3 |     2 |     1 |     3 |     3 ||    27
         Box of beasts     |       |       |       |     2 |     1 |       |       |       ||     3
         Phantom mirror    |       |       |       |       |       |       |     2 |       ||     2
    Use: Scroll            |     2 |       |    12 |     6 |    14 |     1 |    13 |    11 ||    59
         Potion            |     2 |     3 |     4 |     1 |     1 |     1 |     2 |     8 ||    22
   Stab: Sleeping          |     9 |     2 |       |       |       |     1 |     4 |       ||    16
         Paralysed         |       |       |     3 |       |       |       |       |       ||     3
         Invisible         |       |       |     2 |       |       |       |       |       ||     2
         Distracted        |       |       |       |       |       |     1 |       |     5 ||     6
 Armour: Leather armour    |    36 |    34 |   227 |       |       |       |       |       ||   297
         Skin              |    32 |    19 |       |       |       |       |       |   223 ||   274
         Acid dragon scale |       |       |       |   128 |   183 |   150 |    53 |       ||   514
         Scale mail        |       |       |       |       |       |     8 |       |       ||     8
         Ring mail         |       |       |       |       |       |       |   132 |    29 ||   161
  Dodge: Dodged            |    50 |    33 |   219 |   142 |   183 |    98 |   187 |   423 ||  1335
  Block: Other             |       |       |    64 |    27 |     4 |       |       |       ||    95
         Reflection        |       |       |     1 |     1 |     9 |    21 |     4 |       ||    36
         Buckler           |       |       |       |       |    11 |    95 |    92 |   201 ||   399
   Form: Statue            |       |       |       |       |       |     1 |     4 |     2 ||     7
                           |       |       |       |       |       |     1 |     4 |     2 ||     7

Table legend: (Time is in decaauts)
 A = Elapsed time spent in this place.
 B = Non-inter-level travel time spent in this place.
 C = Inter-level travel time spent in this place.
 D = Time resting spent in this place.
 E = Time spent auto-exploring this place.
 F = Levels seen in this place.
 G = Mean time per level.
                   A        B        C        D        E       F      G
               +--------+--------+--------+--------+--------+-----+--------+
         Total |  95712 |  86419 |   9293 |  40209 |  32424 |  55 | 1740.2 |
       Dungeon |  21248 |  17843 |   3405 |   4873 |   8934 |  15 | 1416.5 |
        Temple |     33 |     25 |      8 |      0 |      0 |   1 |   33.0 |
          Lair |   8539 |   7100 |   1439 |   1968 |   3570 |   5 | 1707.8 |
        Shoals |   7497 |   7028 |    469 |   3406 |   2851 |   4 | 1874.2 |
     Snake Pit |  13635 |  12842 |    793 |   8128 |   3385 |   4 | 3408.8 |
    Slime Pits |   4794 |   4309 |    485 |   2928 |    577 |   5 |  958.8 |
  Orcish Mines |   1600 |   1358 |    242 |    178 |    804 |   2 |  800.0 |
   Elven Halls |   7053 |   6734 |    319 |   4433 |   1636 |   3 | 2351.0 |
        Vaults |   6637 |   6052 |    585 |   1390 |   3793 |   4 | 1659.2 |
        Depths |   9041 |   8167 |    874 |   3391 |   3446 |   4 | 2260.2 |
           Zot |  12518 |  11848 |    670 |   7501 |   2851 |   5 | 2503.6 |
        Bazaar |    244 |    244 |      0 |      0 |    170 |   2 |  122.0 |
      Ice Cave |   2868 |   2868 |      0 |   2008 |    405 |   1 | 2868.0 |
               +--------+--------+--------+--------+--------+-----+--------+

Top non-repeatable levels by time:
   Zot:5: 5897 daAuts
 Snake:4: 5120 daAuts
   Elf:3: 4060 daAuts
 Snake:1: 4034 daAuts
 Snake:3: 3366 daAuts
   Zot:2: 3133 daAuts
Depths:3: 3109 daAuts
   IceCv: 2868 daAuts
Shoals:4: 2652 daAuts
     D:9: 2513 daAuts
  Lair:2: 2490 daAuts
Vaults:1: 2443 daAuts
Depths:1: 2236 daAuts
     D:6: 2186 daAuts
 Slime:5: 2077 daAuts
